PCL
CALGARY COWBOYS @ REDWOOD CITY REDWOODS
09/20/2024
 
TOP OF THE 1ST
Calgary Cowboys batting - Pitching for Redwood City Redwoods : RHP Tom Goff
Pitching: RHP Tom Goff
Batting: RHB Luis Peña 0-0: Swinging Strike
0-1: Ball
1-1: Swinging Strike
1-2: Ball
2-2: Strikes out swinging
Batting: RHB Mike Wilcox 0-0: Foul Ball, location: 2F
0-1: Ball
1-1: Foul Ball, location: 2F
1-2: Ball
2-2: Strikes out swinging
Batting: RHB Dan Wyatt 0-0: Ball
1-0: Ball
2-0: Called Strike
2-1: SINGLE (Groundball, 6MD)
Batting: RHB Cristián Peña 0-0: Ball
Wild Pitch!
Dan Wyatt to second
1-0: Ball
2-0: Ball
3-0: Called Strike
3-1: Base on Balls
Batting: RHB Ramón Martínez 0-0: SINGLE (Line Drive, 8RS)
Dan Wyatt to third
Cristián Peña to second
Batting: RHB Mario Sánchez 0-0: Fly out, F9 (Flyball, 9LMF)
Top of the 1st over - 0 run(s), 2 hit(s), 0 error(s), 3 left on base; Calgary 0 - Redwood City 0
BOTTOM OF THE 1ST
Redwood City Redwoods batting - Pitching for Calgary Cowboys : RHP Eric Bell
Pitching: RHP Eric Bell
Batting: LHB Roger Moore 0-0: Swinging Strike
0-1: Swinging Strike
0-2: Ball
1-2: Foul Ball, location: 2F
1-2: Foul Ball, location: 2F
1-2: Fly out, F4 (Popup, 4M)
Batting: RHB Dan Martin 0-0: Called Strike
0-1: Ball
1-1: Called Strike
1-2: Foul Ball, location: 2F
1-2: Ball
2-2: Ball
3-2: SINGLE (Groundball, 25) (infield hit)
Batting: LHB Tony Warrilow 0-0: Called Strike
0-1: Ball
1-1: Foul Ball, location: 2F
1-2: Ball
2-2: Foul Ball, location: 2F
2-2: SINGLE (Groundball, 34D)
Dan Martin to second
Runner from 2nd tries for 3rd, SAFE, throw made to third
Batting: LHB Marcos Pérez 0-0: Foul Ball, location: 2F
0-1: Called Strike
0-2: Ball
1-2: Fly out, F8 (Flyball, 8RS)
Batting: RHB Anastasio García 0-0: Called Strike
0-1: Foul Ball, location: 2F
0-2: Ball
1-2: DOUBLE (Line Drive, 5D)
Dan Martin scores
Tony Warrilow to third
Batting: LHB Juan Hernández 0-0: Ball
1-0: Ball
2-0: Foul Ball, location: 2F
2-1: Ground out 4-3 (Groundball, 34D)
Bottom of the 1st over - 1 run(s), 3 hit(s), 0 error(s), 2 left on base; Calgary 0 - Redwood City 1
TOP OF THE 2ND
Calgary Cowboys batting - Pitching for Redwood City Redwoods : RHP Tom Goff
Batting: RHB Jorge Balencia 0-0: Ball
1-0: Ground out 5-3 (Groundball, 5S)
Batting: LHB Freddy Herrera 0-0: SINGLE (Groundball, 34)
Batting: RHB Tom Yarbrough 0-0: Called Strike
0-1: Called Strike
0-2: Ball
1-2: Foul Ball, location: 2F
1-2: Ball
2-2: Ball
3-2: Foul Ball, location: 2F
3-2: DOUBLE (Flyball, 9D)
Freddy Herrera to third
Batting: RHB Luis Peña 0-0: Called Strike
0-1: Ball
1-1: Foul Ball, location: 2F
1-2: Ball
2-2: Strikes out looking
Batting: RHB Mike Wilcox 0-0: Swinging Strike
0-1: Called Strike
0-2: Ball
1-2: Ball
2-2: Ball
3-2: Strikes out swinging
Top of the 2nd over - 0 run(s), 2 hit(s), 0 error(s), 2 left on base; Calgary 0 - Redwood City 1
BOTTOM OF THE 2ND
Redwood City Redwoods batting - Pitching for Calgary Cowboys : RHP Eric Bell
Batting: LHB Héctor Flores 0-0: Ball
1-0: SOLO HOME RUN (Flyball, 9LD), Distance : 318 ft
Batting: LHB Alfonso Montoya 0-0: Foul Ball, location: 2F
0-1: Ball
1-1: Ball
2-1: Foul Ball, location: 2F
2-2: Ground out 4-3 (Groundball, 4)
Batting: LHB Jon Graves 0-0: Fly out, F9 (Flyball, 89M)
Batting: LHB Roger Moore 0-0: Ball
1-0: Foul Ball, location: 2F
1-1: Ball
2-1: Ground out 1-3 (Groundball, 13)
Bottom of the 2nd over - 1 run(s), 1 hit(s), 0 error(s), 0 left on base; Calgary 0 - Redwood City 2
TOP OF THE 3RD
Calgary Cowboys batting - Pitching for Redwood City Redwoods : RHP Tom Goff
Batting: RHB Dan Wyatt 0-0: SINGLE (Groundball, 6MD)
Batting: RHB Cristián Peña 0-0: Called Strike
0-1: Swinging Strike
0-2: Fly out, F8 (Flyball, 89D)
Batting: RHB Ramón Martínez 0-0: Called Strike
0-1: Ball
1-1: Called Strike
1-2: Strikes out swinging
Batting: RHB Mario Sánchez 0-0: Fly out, F7 (Flyball, 7M)
Top of the 3rd over - 0 run(s), 1 hit(s), 0 error(s), 1 left on base; Calgary 0 - Redwood City 2
BOTTOM OF THE 3RD
Redwood City Redwoods batting - Pitching for Calgary Cowboys : RHP Eric Bell
Batting: RHB Dan Martin 0-0: Fly out, F7 (Flyball, 78M)
Batting: LHB Tony Warrilow 0-0: Called Strike
0-1: Ball
1-1: Foul Ball, location: 2F
1-2: DOUBLE (Line Drive, 3L)
Batting: LHB Marcos Pérez 0-0: Foul Ball, location: 2F
0-1: Ball
1-1: Ball
2-1: Foul Ball, location: 2F
2-2: Ground out 4-3 (Groundball, 4)
Tony Warrilow to third
Batting: RHB Anastasio García 0-0: Ball
1-0: Ball
2-0: Ball
3-0: Base on Balls
Batting: LHB Juan Hernández 0-0: Called Strike
0-1: Foul Ball, location: 2F
0-2: Ground out 4-3 (Groundball, 4S)
Bottom of the 3rd over - 0 run(s), 1 hit(s), 0 error(s), 2 left on base; Calgary 0 - Redwood City 2
TOP OF THE 4TH
Calgary Cowboys batting - Pitching for Redwood City Redwoods : RHP Tom Goff
Batting: RHB Jorge Balencia 0-0: Ball
1-0: Foul Ball, location: 2F
1-1: Ball
2-1: Ball
3-1: Base on Balls
Batting: LHB Freddy Herrera 0-0: Called Strike
0-1: Ball
1-1: SINGLE (Line Drive, 89M)
Jorge Balencia to second
Batting: RHB Tom Yarbrough 0-0: Ball
1-0: SINGLE (Flyball, 7S)
Jorge Balencia to third
Freddy Herrera to second
Runner from 3rd tries for Home, SAFE, no throw or cutoff
Batting: RHB Luis Peña 0-0: Ball
1-0: Ball
Balk!
Freddy Herrera to third
Tom Yarbrough to second
2-0: Reached on error, E4 (Groundball, 4)
Freddy Herrera scores
Tom Yarbrough scores
Batting: RHB Mike Wilcox 0-0: Called Strike
Luis Peña steals 3rd base
0-1: Ball
1-1: Ball
2-1: Ball
3-1: Foul Ball, location: 2F
3-2: Foul Ball, location: 2F
3-2: SINGLE (Line Drive, 7S)
Luis Peña scores
Batting: RHB Dan Wyatt 0-0: Grounds into double play, 4-6-3 (Groundball, 4)
Batting: RHB Cristián Peña 0-0: Called Strike
0-1: Ball
1-1: Ball
2-1: Ball
3-1: Base on Balls
Batting: RHB Ramón Martínez 0-0: Called Strike
0-1: Foul Ball, location: 2F
0-2: Ground out 1-3 (Groundball, 15)
Top of the 4th over - 4 run(s), 3 hit(s), 1 error(s), 1 left on base; Calgary 4 - Redwood City 2
BOTTOM OF THE 4TH
Redwood City Redwoods batting - Pitching for Calgary Cowboys : RHP Eric Bell
Batting: LHB Héctor Flores 0-0: Called Strike
0-1: Foul Ball, location: 2F
0-2: Strikes out looking
Batting: LHB Alfonso Montoya 0-0: Called Strike
0-1: Ball
1-1: Called Strike
1-2: Reached on error, E4 (Groundball, 4)
Batting: LHB Jon Graves 0-0: Ball
1-0: Called Strike
1-1: Ball
2-1: Called Strike
2-2: Ball
3-2: Foul Ball, location: 2F
3-2: Foul Ball, location: 2F
3-2: Base on Balls
Alfonso Montoya to second
Batting: LHB Roger Moore 0-0: Ball
Alfonso Montoya is caught stealing 3rd base
Jon Graves to second
1-0: Swinging Strike
1-1: Ground out 6-3 (Groundball, 4M)
Bottom of the 4th over - 0 run(s), 0 hit(s), 1 error(s), 1 left on base; Calgary 4 - Redwood City 2
TOP OF THE 5TH
Calgary Cowboys batting - Pitching for Redwood City Redwoods : RHP Tom Goff
Batting: RHB Mario Sánchez 0-0: Called Strike
0-1: Foul Ball, location: 2F
0-2: Ball
1-2: Ground out 6-3 (Groundball, 6)
Batting: RHB Jorge Balencia 0-0: Ball
1-0: Ball
2-0: Fly out, F9 (Flyball, 9S)
Batting: LHB Freddy Herrera 0-0: Ball
1-0: Ball
2-0: Ball
3-0: Called Strike
3-1: Base on Balls
Batting: RHB Tom Yarbrough 0-0: Called Strike
0-1: Swinging Strike
0-2: Ground out 4-3 (Groundball, 4)
Top of the 5th over - 0 run(s), 0 hit(s), 0 error(s), 1 left on base; Calgary 4 - Redwood City 2
BOTTOM OF THE 5TH
Redwood City Redwoods batting - Pitching for Calgary Cowboys : RHP Eric Bell
Batting: RHB Dan Martin 0-0: Ball
1-0: Swinging Strike
1-1: Ground out 4-3 (Groundball, 4)
Batting: LHB Tony Warrilow 0-0: Ball
1-0: Called Strike
1-1: Called Strike
1-2: Ball
2-2: Foul Ball, location: 2F
2-2: Foul Ball, location: 2F
2-2: Ground out 5-3 (Groundball, 56S)
Batting: LHB Marcos Pérez 0-0: Ball
1-0: Ball
2-0: Ball
3-0: Base on Balls
Batting: RHB Anastasio García 0-0: Called Strike
Throwing error on steal attempt, E2
Marcos Pérez to third
0-1: 2-RUN HOME RUN (Flyball, 78D), Distance : 389 ft
Batting: LHB Juan Hernández 0-0: Swinging Strike
0-1: Swinging Strike
0-2: Ball
1-2: Ball
2-2: Ball
3-2: SINGLE (Line Drive, 8LS)
Pitching: RHP Nick Ruby
Batting: LHB Héctor Flores 0-0: Ball
1-0: Called Strike
1-1: Swinging Strike
1-2: SINGLE (Line Drive, 5D)
Juan Hernández to second
Batting: LHB Alfonso Montoya 0-0: Ball
1-0: Ball
2-0: Swinging Strike
2-1: Foul Ball, location: 2F
2-2: Foul Ball, location: 2F
2-2: Ball
3-2: Strikes out swinging
Bottom of the 5th over - 2 run(s), 3 hit(s), 1 error(s), 2 left on base; Calgary 4 - Redwood City 4
TOP OF THE 6TH
Calgary Cowboys batting - Pitching for Redwood City Redwoods : RHP Tom Goff
Batting: RHB Luis Peña 0-0: Foul Ball, location: 2F
0-1: Ball
1-1: Ground out 6-3 (Groundball, 6)
Batting: RHB Mike Wilcox 0-0: Ball
1-0: Called Strike
1-1: Swinging Strike
1-2: Ball
2-2: Foul Ball, location: 2F
2-2: Strikes out swinging
Batting: RHB Dan Wyatt 0-0: Ball
1-0: Swinging Strike
1-1: Foul Ball, location: 2F
1-2: Ball
2-2: Ball
3-2: Foul Ball, location: 2F
3-2: Base on Balls
Pitching: RHP William Simpson
Batting: RHB Cristián Peña 0-0: Ball
1-0: Fly out, F9 (Line Drive, 9S)
Top of the 6th over - 0 run(s), 0 hit(s), 0 error(s), 1 left on base; Calgary 4 - Redwood City 4
BOTTOM OF THE 6TH
Redwood City Redwoods batting - Pitching for Calgary Cowboys : RHP Nick Ruby
Batting: LHB Jon Graves 0-0: Ball
1-0: Ball
2-0: SOLO HOME RUN (Flyball, 8LXD), Distance : 413 ft
Batting: LHB Roger Moore 0-0: Ball
1-0: Fly out, F5 (Popup, 5F)
Batting: RHB Dan Martin 0-0: Fly out, F8 (Flyball, 8RM)
Batting: LHB Tony Warrilow 0-0: Ball
1-0: Called Strike
1-1: Called Strike
1-2: Fly out, F9 (Popup, 89S)
Bottom of the 6th over - 1 run(s), 1 hit(s), 0 error(s), 0 left on base; Calgary 4 - Redwood City 5
TOP OF THE 7TH
Calgary Cowboys batting - Pitching for Redwood City Redwoods : RHP William Simpson
Batting: RHB Ramón Martínez 0-0: Swinging Strike
0-1: Ball
1-1: Foul Ball, location: 2F
1-2: Ball
2-2: Strikes out swinging
Batting: RHB Mario Sánchez 0-0: Called Strike
0-1: Fly out, F1 (Line Drive, 15)
Batting: RHB Jorge Balencia 0-0: Ball
1-0: Ground out 6-3 (Groundball, 6M)
Top of the 7th over - 0 run(s), 0 hit(s), 0 error(s), 0 left on base; Calgary 4 - Redwood City 5
BOTTOM OF THE 7TH
Redwood City Redwoods batting - Pitching for Calgary Cowboys : RHP Nick Ruby
Batting: LHB Marcos Pérez 0-0: DOUBLE (Line Drive, 7LS)
Batting: RHB Anastasio García 0-0: Ball
1-0: Called Strike
1-1: Ball
2-1: Ball
3-1: Fly out, F7 (Flyball, 7D)
Runner from 2nd tags up, SAFE at 3rd, no throw
Batting: LHB Juan Hernández 0-0: Intentional Walk
Batting: LHB Héctor Flores 0-0: Ball
1-0: Ball
2-0: Called Strike
2-1: Foul Ball, location: 2F
2-2: SINGLE (Groundball, 4MD)
Marcos Pérez scores
Juan Hernández to second
Pitching: RHP Mitsunari Jouda
Batting: LHB Alfonso Montoya 0-0: Called Strike
0-1: Swinging Strike
0-2: Ball
1-2: Ball
2-2: Foul Ball, location: 2F
2-2: Ball
3-2: Fielders Choice at 2nd, 1-6 (Groundball, 25)
Juan Hernández to third
Batting: LHB Jon Graves 0-0: Ball
1-0: Fly out, F8 (Flyball, 78M)
Bottom of the 7th over - 1 run(s), 2 hit(s), 0 error(s), 2 left on base; Calgary 4 - Redwood City 6
TOP OF THE 8TH
Calgary Cowboys batting - Pitching for Redwood City Redwoods : RHP William Simpson
Batting: LHB Freddy Herrera 0-0: Ground out 4-3 (Groundball, 4)
Batting: RHB Tom Yarbrough 0-0: Fly out, F8 (Flyball, 8LM)
Batting: RHB Luis Peña 0-0: Foul Ball, location: 2F
0-1: Ball
1-1: Called Strike
1-2: SINGLE (Line Drive, 6MD)
Pitching: RHP Jim Williams
Batting: RHB Mike Wilcox 0-0: Ball
1-0: Ball
2-0: Called Strike
2-1: Ground out 6-3 (Groundball, 6)
Top of the 8th over - 0 run(s), 1 hit(s), 0 error(s), 1 left on base; Calgary 4 - Redwood City 6
BOTTOM OF THE 8TH
Redwood City Redwoods batting - Pitching for Calgary Cowboys : RHP Mitsunari Jouda
Batting: LHB Roger Moore 0-0: Called Strike
0-1: Foul Ball, location: 2F
0-2: Foul Ball, location: 2F
0-2: Ground out 1-3 (Groundball, 13S)
Batting: RHB Dan Martin 0-0: Foul Ball, location: 2F
0-1: Foul Ball, location: 2F
0-2: Strikes out swinging
Batting: LHB Tony Warrilow 0-0: Called Strike
0-1: Foul Ball, location: 2F
0-2: Ball
1-2: Ground out 3-1 (Groundball, 34)
Bottom of the 8th over - 0 run(s), 0 hit(s), 0 error(s), 0 left on base; Calgary 4 - Redwood City 6
TOP OF THE 9TH
Calgary Cowboys batting - Pitching for Redwood City Redwoods : RHP Jim Williams
Pitching: LHP George Owens
Now at C: Orlando Santos
Now in CF: River Wilson
Batting: RHB Dan Wyatt 0-0: Ball
1-0: Called Strike
1-1: Ball
2-1: Ball
3-1: Fly out, F4 (Popup, 4)
Batting: RHB Cristián Peña 0-0: Called Strike
0-1: SINGLE (Groundball, 23) (infield hit)
Batting: RHB Ramón Martínez 0-0: Fly out, F9 (Flyball, 9LD)
Batting: RHB Mario Sánchez 0-0: Foul Ball, location: 2F
0-1: Called Strike
0-2: Strikes out looking
Top of the 9th over - 0 run(s), 1 hit(s), 0 error(s), 1 left on base; Calgary 4 - Redwood City 6
This league is powered by Out of the Park Baseball, the baseball management simulation game for PC, Mac and Linux
Saturday, April 9th, 2016 - OOTP Baseball 16.8 Build 38